 Dungeon Crawl Stone Soup version 0.29.1-15-g9cfb28693d (webtiles) character file.

Game seed: 2605980084909273273

23 CatalinOSBI the Grave Robber (level 2, 0/19 HPs)
             Began as a Mummy Necromancer on Mar 29, 2023.
             Slain by Sigmund
             ... wielding a +0 scythe
              (11 damage)
             ... on level 2 of the Dungeon.
             The game lasted 00:08:31 (1341 turns).

CatalinOSBI the Grave Robber (Mummy Necromancer)    Turns: 1341, Time: 00:08:32

Health: 0/19       AC:  2    Str: 11    XL:     2   Next: 75%
Magic:  4/6        EV: 12    Int: 14    God:
Gold:   50         SH:  0    Dex: 12    Spells: 7/8 levels left

rFire   . . .      SeeInvis .   d - staff of fire
rCold   + . .      Faith    .   (no shield)
rNeg    + + +      Spirit   .   a - +0 robe
rPois   ∞          Reflect  .   (no helmet)
rElec   .          Harm     .   (no cloak)
rCorr   .          Rampage  .   (no gloves)
Will    .....                   (no boots)
Stlth   +.........              (no amulet)
HPRegen 0.06/turn               (no ring)
MPRegen 0.10/turn               (no ring)

@: confused
A: cold resistance 1, negative energy resistance 3, torment resistance 2, heat
vulnerability 1, no potions
a: no special abilities


You were on level 2 of the Dungeon.
You visited 1 branch of the dungeon, and saw 2 of its levels.

You collected 50 gold pieces.

Inventory:

Hand Weapons
 c - a +0 dagger
Armour
 a - a +0 robe (worn)
Magical Staves
 d - a staff of fire (weapon)
Jewellery
 e - a ring of magical power
Scrolls
 h - a scroll of torment


   Skills:
 - Level 1.5 Dodging
 - Level 1.5 Stealth
 * Level 3.5 Spellcasting
 * Level 4.4 Necromancy


You had 7 spell levels left.
You knew the following spells:

 Your Spells              Type           Power      Damage    Failure   Level
a - Necrotise             Necr           56%        1d6       3%          1

Your spell library contained the following spells:

 Spells                   Type           Power      Damage    Failure   Level
 Vampiric Draining        Necr           14%        2d7       10%         3
 Animate Dead             Necr           14%        N/A       32%         4
 Agony                    Necr           14%        N/A       65%         5


Dungeon Overview and Level Annotations

Branches:
Dungeon (2/15)

Altars:

Annotations:
D:2 Sigmund


Innate Abilities, Weirdness & Mutations

You are immune to poison.
Your flesh is cold resistant. (rC+)
You are immune to negative energy. (rN+++)
You are immune to unholy pain and torment.
You are vulnerable to heat. (rF-)
You do not drink.


Message History

There is an open door here.
Found a ring mail.
You now have 50 gold pieces (gained 17).
Found an emerald potion.
You see here an emerald potion.
You see here an emerald potion.
Sigmund the Dreaded comes into view.
He is wielding a +0 scythe.
Sigmund shouts!
Okay, then.
Casting: Necrotise (safe; 3% risk of failure)
Confirm with . or Enter, or press ? or * to list all spells.
You can't see any susceptible monsters within range! (Use Z to cast anyway.) Sigmund looks at you with fury.
Sigmund laughs darkly.
Sigmund gestures at you while chanting. You resist with significant effort.
Sigmund says, "Now you see me, now you don't..."
Casting: Necrotise (safe; 3% risk of failure)
Confirm with . or Enter, or press ? or * to list all spells.
Aiming: Necrotise (safe; 3% risk of failure)
Press: ? - help, Shift-Dir - straight line, f - Sigmund
Aim: Sigmund, wielding a +0 scythe and wearing a +0 robe (chance to affect: 78%) Sigmund writhes in agony.
Casting: Necrotise (safe; 3% risk of failure)
Confirm with . or Enter, or press ? or * to list all spells.
Aiming: Necrotise (safe; 3% risk of failure)
Press: ? - help, Shift-Dir - straight line, f/p - Sigmund
Aim: Sigmund, wielding a +0 scythe and wearing a +0 robe (lightly wounded, chance to affect: 78%) Sigmund writhes in agony.
Sigmund points at you and mumbles some strange words.
You are confused.
You're too confused to cast spells.
You're too confused to cast spells.
You're too confused to cast spells.
Sigmund hits you from afar with a +0 scythe!
You're too confused to move!
Sigmund closely misses you.
You're too confused to move!
Sigmund hits you from afar with a +0 scythe!
Ouch! That really hurt!
You die...

#....##.#
####.....#.#
..........# #.....#
#...# ##.##
######### #@#
#.......#
####.####.#####.#
#..@......# #.#
###.##......# #.#
#...##..###[# #.#
##..#...###.#####.#
#.......##.......#
#.#...###.##.####
#.........##.##
####.######...##
#.# #.#..#


You could see Sigmund.

Vanquished Creatures
  2 dart slugs (D:1)
  A ball python (D:1)
  5 endoplasms (D:1)
  3 hobgoblins (D:1)
  A quokka (D:1)
  3 kobolds (D:1)
15 creatures vanquished.

Vanquished Creatures (collateral kills)
  An endoplasm (D:1)
1 creature vanquished.

Grand Total: 16 creatures vanquished

Notes
Turn   | Place    | Note
-------+----------+-------------------------------------------
     0 | D:1      | CatalinOSBI the Mummy Necromancer began the quest for the
                  | Orb.
     0 | D:1      | Reached XP level 1. HP: 13/13 MP: 4/4
    91 | D:1      | Found a faded altar of an unknown god.
   214 | D:1      | Reached XP level 2. HP: 9/19 MP: 0/6
  1327 | D:2      | Noticed Sigmund
  1341 | D:2      | Slain by Sigmund

Illustrated notes

Levels and vault maps discovered:
D:1:      pf_arrival_petrified_forest, layout_loops_ring,
          shapermc_ecumenical_altar_acropolis, minmay_3d_cube
D:2:      kennysheep_the_goblin_king, layout_loops_corners,
          pf_guarded_unrand_delatra, uniq_sigmund

Skill      XL: |  1 |
---------------+----+-----
Spellcasting   | 3 |  3.5
Dodging        | |  1.5
Stealth        | |  1.5
Necromancy     | |  4.4

Action                   || total
-------------------------++-------
Melee: Unarmed           ||     5
       Staff             ||     1
 Cast: Necrotise         ||    32
  Use: Scroll            ||     5
Armor: Robe              ||     1
Dodge: Dodged            ||     9
